 Dungeon Crawl Stone Soup version 0.24.0-123-gd5b16e6ec5 (webtiles) character file.

Game seed: 4965185221743985068, levelgen mode: deterministic

935 Elellon the Cleaver (level 7, -1/61 HPs)
             Began as a Deep Dwarf Fighter on Jan 20, 2020.
             Was an Initiate of Makhleb.
             Slain by a gnoll
             ... wielding a +3 halberd
              (13 damage)
             ... on level 5 of the Dungeon.
             The game lasted 00:07:24 (2832 turns).

Elellon the Cleaver (Deep Dwarf Fighter)            Turns: 2832, Time: 00:07:25

Health: -1/61      AC:  9    Str: 21    XL:     7   Next: 87%
Magic:  5/5        EV:  7    Int:  9    God:    Makhleb [......]
Gold:   198        SH: 11    Dex: 12    Spells: 6/6 levels left

rFire    . . .     SeeInvis .   a - +1 war axe
rCold    . . .     Gourm    .   r - +2 shield
rNeg     . . .     Faith    .   b - +0 scale mail
rPois    .         Spirit   .   v - +0 helmet
rElec    .         Reflect  .   (no cloak)
rCorr    .         Harm     .   t - +0 pair of gloves
MR       +....                  (no boots)
Stlth    ..........             (no amulet)
HPRegen  0.00/turn              (no ring)
MPRegen  0.09/turn              (no ring)

@: non-regenerating
A: damage resistance, heal wounds, sense surroundings 1, no regeneration
a: Heal Wounds, Renounce Religion


You were on level 5 of the Dungeon.
You worshipped Makhleb.
Makhleb was noncommittal.
You were not hungry.

You visited 2 branches of the dungeon, and saw 6 of its levels.

You collected 198 gold pieces.

Inventory:

Hand Weapons
 a - a +1 war axe (weapon)
Missiles
 w - 39 poisoned darts (quivered)
Armour
 b - a +0 scale mail (worn)
 c - a +0 shield
 r - a +2 shield (worn)
 t - a +0 pair of gloves (worn)
 v - a +0 helmet (worn)
Jewellery
 j - an uncursed amulet of faith
 l - an uncursed ring of magical power {unknown}
 m - a +4 ring of strength {unknown}
 n - an uncursed ring of magical power {unknown}
Scrolls
 e - a scroll of remove curse
 h - 2 scrolls of identify
 p - a scroll of fear {unknown}
 q - a scroll of enchant weapon
 s - a scroll of immolation {unknown}
 u - a scroll of enchant armour {unknown}
 y - a scroll of teleportation {unknown}
 A - a scroll of random uselessness {unknown}
 B - a scroll of blinking {unknown}
Potions
 d - a potion of might
 g - 2 potions of degeneration {unknown}
 i - 4 potions of curing {unknown}
 k - 2 potions of heal wounds {unknown}
 o - 2 potions of magic {unknown}
 z - a potion of ambrosia {unknown}
 C - a potion of flight {unknown}
Comestibles
 f - 10 rations


   Skills:
 - Level 2.6 Fighting
 + Level 10.1 Axes
 - Level 3.2 Armour
 - Level 3.2 Shields


You had 6 spell levels left.
You didn't know any spells.
Your spell library was empty.

Dungeon Overview and Level Annotations

Branches:
Dungeon (5/15)             Temple (1/1) D:4

Altars:
Cheibriados
Dithmenos
Fedhas
Gozag
Makhleb
Nemelex Xobeh
Okawaru
Qazlal
Trog
Uskayaw
Xom
Zin
The Shining One


Innate Abilities, Weirdness & Mutations

You are resistant to damage.
You can heal yourself by infusing magical energy.
You passively map a small area around you.
You do not regenerate.


Message History

You slash something! Makhleb accepts your kill.
Reactivating autopickup.
You feel a bit more experienced. You block the gnoll's attack.
You closely miss the gnoll.
The gnoll is moderately wounded.
The gnoll hits you with a +3 halberd!
* * * LOW HITPOINT WARNING * * *
Your shield and scale mail prevent you from hitting the gnoll.
The gnoll is moderately wounded.
You block the gnoll's attack.
You barely miss the gnoll.
The gnoll is moderately wounded.
The gnoll barely misses you.
Your shield and scale mail prevent you from hitting the gnoll.
The gnoll is moderately wounded.
You hit the gnoll.
The gnoll is heavily wounded.
The gnoll hits you with a +3 halberd!
You die...

, .###### , *# ,
....... ..,
*##....... ...
.........
....####........
#............. *
##.....).......
,
*#.....<@)......
...###..)g......
* .............
, ###...#.....%.
* #....########
, ** #>#..#* * *
* .....# .#.#...
, , , , , ,


You could see a gnoll.

Vanquished Creatures
  3 ogres (D:4)
  2 hounds
  4 orc priests
  A bullfrog skeleton (D:4)
  3 orc wizards
  An iguana (D:4)
  3 worker ants (D:4)
  7 gnolls
  7 adders
  An ooze (D:2)
  3 adder skeletons (D:4)
  5 worms
  4 dart slugs
  3 leopard geckos
  21 orcs
  2 ball pythons
  4 giant cockroaches
  8 goblins
  15 hobgoblins
  10 jackals
  A quokka (D:3)
  12 bats
  4 frilled lizards
  4 kobolds
  A leopard gecko skeleton (D:4)
  6 rats
135 creatures vanquished.

Notes
Turn   | Place    | Note
-------+----------+-------------------------------------------
     0 | D:1      | Elellon the Deep Dwarf Fighter began the quest for the Orb.
     0 | D:1      | Reached XP level 1. HP: 20/20 MP: 1/1
    88 | D:1      | Reached skill level 3 in Axes
    89 | D:1      | Reached XP level 2. HP: 24/27 MP: 2/2
   327 | D:1      | Reached XP level 3. HP: 24/33 MP: 3/3
   460 | D:1      | Reached skill level 4 in Axes
   700 | D:2      | Reached XP level 4. HP: 24/40 MP: 4/4
   833 | D:2      | Reached skill level 5 in Axes
  1206 | D:3      | Found an iron altar of Okawaru.
  1208 | D:3      | Reached XP level 5. HP: 40/46 MP: 5/5
  1246 | D:3      | Noticed a -2 hand axe
  1247 | D:3      | Noticed a +0 dagger
  1248 | D:3      | Found a hide-covered altar of Uskayaw.
  1255 | D:3      | Reached skill level 6 in Axes
  1520 | D:3      | Reached skill level 7 in Axes
  1520 | D:3      | Reached XP level 6. HP: 32/55 MP: 6/6
  2025 | D:4      | Reached skill level 8 in Axes
  2037 | D:4      | Found a staircase to the Ecumenical Temple.
  2046 | Temple   | Entered the Ecumenical Temple
  2234 | Temple   | Became a worshipper of Makhleb the Destroyer
  2267 | D:4      | Reached XP level 7. HP: 20/61 MP: 7/7
  2318 | D:4      | Reached skill level 9 in Axes
  2804 | D:5      | Entered Level 5 of the Dungeon
  2811 | D:5      | Reached skill level 10 in Axes
  2832 | D:5      | Slain by a gnoll

Levels and vault maps discovered:
D:1:      saegor_arrival_simple_d, layout_rooms
D:2:      layout_rooms
D:3:      layout_loops_cross, dancing_weapons_uskayaw,
          okawaru_altar_gauntlet_db, nrook_campfire
D:4:      layout_cave_pools, minmay_temple_entry_proselytizer, first_ration
D:5:      lemuel_upstairs_altar, layout_rooms
Temple:   regret_index_temple_generic_petals

Skill      XL: |  1  2  3  4  5  6  7 |
---------------+----------------------+-----
Axes           | 3 4 5 7 8 10 | 10.1
Fighting       | |  2.6
Armour         | |  3.2
Shields        | |  3.2

Action                   |  1- 3 |  4- 6 |  7- 9 || total
-------------------------+-------+-------+-------++-------
Melee: War axe           |   128 |   213 |    74 ||   415
 Abil: Heal Wounds       |       |     3 |     5 ||     8
  Use: Scroll            |       |     4 |       ||     4
  Eat: Chunk             |       |     5 |     2 ||     7
Armor: Scale mail        |    70 |   112 |    15 ||   197
Dodge: Dodged            |    51 |    62 |    21 ||   134
Block: Shield            |    90 |   148 |    42 ||   280
